 Dungeon Crawl Stone Soup version 0.18-a0-1688-gcd67086 (webtiles) character file.

440 Eucla the Spear-Bearer (level 7, -5/54 HPs)
             Began as a Merfolk Gladiator on Apr 9, 2016.
             Was an Initiate of Hepliaklqana.
             Slain by Username's ghost (9 damage)
             ... on level 4 of the Dungeon.
             The game lasted 00:05:35 (3165 turns).

Eucla the Spear-Bearer (Merfolk Gladiator)          Turns: 3165, Time: 00:05:35

Health: -5/54      AC:  7    Str: 12 (15) XL:     7   Next: 2%
Magic:  7/7        EV: 13    Int: 11 (12) God:    Hepliaklqana [......]
Gold:   328        SH:  0    Dex: 13 (15) Spells: 0 memorised, 6 levels left

rFire  . . .     SeeInvis .     a - +0 trident
rCold  . . .     Gourm    .     B - +1 ring mail "Mash" {rCorr}
rNeg   + . .     Faith    .     (no shield)
rPois  .         Spirit   .     c - +0 helmet
rElec  .         Dismiss  .     (no cloak)
rCorr  +         Reflect  .     (no gloves)
SustAt .         Harm     .     (no boots)
MR     .....                    (no amulet)
Stlth  +.........               m - +2 ring of dexterity
                                o - ring of positive energy

@: brilliant, exhausted, flying, slowed, very slow, not resistant to hostile
enchantments, very unstealthy
A: change form in water, swift swim, clumsy 1, deterioration 1, weak 1
a: Recall Ancestor, Ancestor Identity, Renounce Religion


You were on level 4 of the Dungeon.
You worshipped Hepliaklqana.
Hepliaklqana was noncommittal.
You were hungry.

You visited 1 branch of the dungeon, and saw 4 of its levels.

You collected 328 gold pieces.

Inventory:

Hand Weapons
 a - a +0 trident (weapon)
Missiles
 d - 4 throwing nets (quivered)
Armour
 b - a +0 leather armour
 c - a +0 helmet (worn)
 l - a +0 ring mail
 x - a +2 robe of fire resistance
 B - the +1 ring mail "Mash" (worn) {rCorr}
   (You found it on level 4 of the Dungeon)

   It protects you from acid and corrosion.
Jewellery
 h - an uncursed ring of fire
 m - a +2 ring of dexterity (right hand)
 o - a ring of positive energy (left hand)
 C - an uncursed ring of fire
 E - an uncursed ring of positive energy
Wands
 y - a wand of confusion (37/48)
 A - a wand of acid (7/15)
Scrolls
 g - a scroll of fog {unknown}
 i - 2 scrolls of recharging {unknown}
 k - 2 scrolls of enchant armour {unknown}
 p - 2 scrolls of teleportation {unknown}
 r - a scroll of remove curse {unknown}
 u - 2 scrolls of identify {unknown}
 w - a scroll of fear {unknown}
 F - a scroll of immolation {unknown}
Potions
 e - a potion of brilliance
 n - a potion of agility
 t - a potion of berserk rage
Comestibles
 f - 2 bread rations
 j - 2 beef jerkies
 q - a meat ration
 D - 3 fruits


   Skills:
 + Level 4.1 Fighting
 * Level 8.7 Polearms
 - Level 2.0 Throwing
 + Level 5.9 Dodging


You had 6 spell levels left.
You didn't know any spells.

Dungeon Overview and Level Annotations

Branches:
Dungeon (4/15)
 Temple: D:4-7

Altars:
Ashenzari
Hepliaklqana
Makhleb
Vehumet

Annotations:
D:4 Username's ghost, amateur MiGl


Innate Abilities, Weirdness & Mutations

You revert to your normal form in water.
You are very nimble and swift while swimming.
You are clumsy. (Dex -2)
Your body sometimes deteriorates upon taking damage.
You are weak. (Str -2)


Message History

You feel weaker.
You feel yourself wasting away.
You feel clumsy.
You are feeling hungry.
Username's ghost closely misses you.
Username's ghost hits you but does no damage.
Unknown command.
Drink which item? (? for menu, Esc to quit)
It was a potion of degeneration.
There was something very wrong with that liquid.
You feel weakened.
You feel dopey.
You feel clumsy. Username's ghost closely misses you.
Unknown command.
You barely miss Username's ghost.
Username's ghost is almost destroyed.
Username's ghost closely misses you. Username's ghost misses you.
Unknown command.
You hit Username's ghost but do no damage.
Username's ghost is almost destroyed.
You feel a little less agile now. Username's ghost hits you!
You die...

#...##########.###.
#.#........##.#....
#...######.....##.#
##.## ########.#
####.#### #.#
#.......# ##.
#.##.##.# ## #.
#W##.# #####
#.##@##.# .....
#.......# .####
#....)..# #.##.##)#
..#### #. #.##)#
...... #.##.##.#
...###
#.......##........ #.
##......##........##.
#W#.##>##...........


You could see Username's ghost.

Vanquished Creatures
  A hound (D:4)
  An orc wizard (D:3)
  Jessica (D:3)
  4 gnolls (D:3)
  4 adders
  2 worms (D:3)
  A dart slug (D:1)
  3 giant geckos (D:3)
  11 orcs
  4 giant cockroaches
  5 goblins
  5 hobgoblins
  8 jackals
  2 quokkas
  5 bats
  6 giant newts
  14 kobolds
  6 rats
  A fungus (D:2)
84 creatures vanquished.

Vanquished Creatures (collateral kills)
  2 ogres (D:4)
  An orc priest (D:4)
  An iguana (D:4)
  An adder (D:4)
  3 orcs (D:4)
  A giant gecko skeleton (D:4)
9 creatures vanquished.

Vanquished Creatures (others)
  An ancestor (D:4)
1 creature vanquished.

Grand Total: 94 creatures vanquished

Notes
Turn   | Place    | Note
--------------------------------------------------------------
     0 | D:1      | Eucla the Merfolk Gladiator began the quest for the Orb.
     0 | D:1      | Reached XP level 1. HP: 16/16 MP: 1/1
   124 | D:1      | Reached XP level 2. HP: 22/22 MP: 2/2
   690 | D:1      | Reached skill level 5 in Polearms
   720 | D:2      | Reached XP level 3. HP: 25/28 MP: 3/3
  1124 | D:2      | Found a radiant altar of Vehumet.
  1126 | D:2      | Found a burning altar of Makhleb.
  1254 | D:3      | Reached XP level 4. HP: 34/34 MP: 4/4
  1279 | D:3      | Reached skill level 6 in Polearms
  1625 | D:3      | Noticed Jessica
  1629 | D:3      | Killed Jessica
  1629 | D:3      | Reached skill level 5 in Dodging
  1629 | D:3      | Reached XP level 5. HP: 32/41 MP: 5/5
  1703 | D:3      | HP: 2/41 [poisoned by an adder]
  2187 | D:3      | Reached skill level 7 in Polearms
  2333 | D:4      | Found a hazy altar of Hepliaklqana.
  2353 | D:4      | Became a worshipper of Hepliaklqana
  2377 | D:4      | Reached XP level 6. HP: 44/47 MP: 6/6
  2401 | D:4      | Got a faintly glowing ring mail
  2412 | D:4      | Identified the +1 ring mail "Mash" {rCorr} (You found it on level 4 of the Dungeon)
  2455 | D:4      | Found a shattered altar of Ashenzari.
  2613 | D:4      | Reached skill level 8 in Polearms
  3103 | D:4      | Noticed Username's ghost (amateur MiGl)
  3128 | D:4      | Reached XP level 7. HP: 4/54 MP: 7/7
  3145 | D:4      | HP: 1/54 [Username's ghost (6)]
  3154 | D:4      | HP: 3/81 [Username's ghost (6)]
  3160 | D:4      | Your ally Bro died
  3162 | D:4      | Gained mutation: You are weak. (Str -2) [potion of mutation]
  3162 | D:4      | Gained mutation: Your body sometimes deteriorates upon taking damage. [potion of mutation]
  3162 | D:4      | Gained mutation: You are clumsy. (Dex -2) [potion of mutation]
  3165 | D:4      | Slain by Username's ghost

Vault maps used:
D:1:      minmay_arrival_doors, serial_forest, infiniplex_forest_lined_room_,
          infiniplex_forest_clump_diagonal, infiniplex_forest_clump_double,
          infiniplex_forest_straight_2, infiniplex_forest_corner_2,
          infiniplex_forest_clump_C, infiniplex_forest_end_2,
          infiniplex_forest_lined_2, infiniplex_forest_zigzag_1
D:2:      nicolae_overflow_hidden_temple, minmay_gold_behind_fungi
D:3:      moated_statue, uniq_jessica
D:4:      cheibrodos_ashenzari_chains, old_standard_altar, zin_angel

Skill      XL: |  1  2  3  4  5  6 |
---------------+-------------------+-----
Polearms       | 5 6 7 8 |  8.7
Fighting       | 3 4 |  4.1
Dodging        | 5 |  5.9
Throwing       | |  2.0

Action                   |  1- 3 |  4- 6 |  7- 9 || total
-------------------------+-------+-------+-------++-------
Melee: Trident           |   143 |   182 |    12 ||   337
  Use: Potion            |       |     2 |     6 ||     8
 Stab: Sleeping          |     2 |       |       ||     2
       Distracted        |       |     1 |       ||     1
  Eat: Chunk             |     1 |     6 |       ||     7
       Beef jerky        |       |     1 |       ||     1
